 Dungeon Crawl Stone Soup version 0.25-a0-822-g6581751b11 (webtiles) character file.

Game seed: 3358436119146026224, levelgen mode: deterministic

2361 Lanoc the Skirmisher (level 9, -8/74 HPs)
             Began as a Gnoll Abyssal Knight on Apr 21, 2020.
             Was a Believer of Lugonu.
             Mangled by a spiny frog (23 damage)
             ... on level 1 of the Lair of Beasts.
             The game lasted 00:11:34 (5573 turns).

Lanoc the Skirmisher (Gnoll Abyssal Knight)         Turns: 5573, Time: 00:11:34

Health: -8/74      AC:  6    Str: 14    XL:     9   Next: 44%
Magic:  15/15      EV: 15    Int: 19    God:    Lugonu [**....]
Gold:   265        SH:  0    Dex: 18    Spells: 16/16 levels left

rFire    . . .     SeeInvis .   a - +2 spear
rCold    + . .     Gourm    .   (no shield)
rNeg     . . .     Faith    .   y - +3 leather armour {rC+}
rPois    .         Spirit   .   (no helmet)
rElec    .         Reflect  .   q - scarf {cloud immunity}
rCorr    .         Harm     .   (no gloves)
MR       .....                  (no boots)
Stlth    +++.......             (no amulet)
HPRegen  0.22/turn              d - +4 ring of intelligence
MPRegen  0.14/turn              (no ring)

@: lethally poisoned (-8 -> -22)
A: distributed training, fangs 1, strong nose
a: Depart the Abyss, Bend Space, Renounce Religion


You were on level 1 of the Lair of Beasts.
You worshipped Lugonu.
Lugonu was pleased with you.
You were near starving.

You visited 2 branches of the dungeon, and saw 8 of its levels.
You visited the Abyss 1 time.

You collected 265 gold pieces.

Inventory:

Hand Weapons
 a - a +2 spear (weapon)
 x - a +0 trident
Missiles
 p - 18 bolts
 r - 19 arrows
 u - 30 sling bullets
Armour
 g - a +0 kite shield
 q - a scarf of cloud immunity (worn)
 y - a +3 leather armour of cold resistance (worn)
Magical Staves
 t - an uncursed staff of energy
Jewellery
 d - a +4 ring of intelligence (left hand)
Scrolls
 f - a scroll of magic mapping
 h - 2 scrolls of immolation
 i - 3 scrolls of remove curse
 j - a scroll of random uselessness
 k - 2 scrolls of enchant weapon
Comestibles
 c - 7 rations


   Skills:
 + Level 7.8 Fighting
 + Level 4.1 Short Blades
 + Level 4.1 Long Blades
 + Level 4.1 Axes
 + Level 4.1 Maces & Flails
 + Level 6.2 Polearms
 + Level 4.1 Staves
 + Level 4.1 Slings
 + Level 4.1 Bows
 + Level 4.1 Crossbows
 + Level 4.1 Throwing
 + Level 6.2 Armour
 + Level 5.0 Dodging
 + Level 4.1 Stealth
 + Level 4.1 Shields
 + Level 4.1 Unarmed Combat
 + Level 4.1 Spellcasting
 + Level 3.4 Conjurations
 + Level 3.4 Hexes
 + Level 3.4 Charms
 + Level 3.4 Summonings
 + Level 3.4 Necromancy
 + Level 3.4 Translocations
 + Level 3.4 Transmutations
 + Level 3.4 Fire Magic
 + Level 3.4 Ice Magic
 + Level 3.4 Air Magic
 + Level 3.4 Earth Magic
 + Level 3.4 Poison Magic
 + Level 6.5 Invocations
 + Level 4.1 Evocations


You had 16 spell levels left.
You didn't know any spells.
Your spell library contained the following spells:

 Spells                   Type           Power        Failure   Level  Hunger
 Sandblast                Erth           ###...       4%          1    None
 Passwall                 Tmut/Erth      ###.....     6%          2    ##.....
 Stone Arrow              Conj/Erth      ###...       12%         3    ###....
 Petrify                  Tmut/Erth      ###.....     38%         4    ####...
 Lee's Rapid Deconstruct  Erth           ###.......   75%         5    ######.


Dungeon Overview and Level Annotations

Branches:
Dungeon (9/15)               Lair (1/6) D:9
 Temple: D:4-7          Orc: D:9-12

Altars:
Elyvilon
Qazlal

Annotations:
D:8 Joseph


Innate Abilities, Weirdness & Mutations

Your experience applies equally to all skills.
You have very sharp teeth.
Your uncanny sense of smell can sniff out nearby items.


Message History

You throw a throwing net.
The throwing net barely misses the spiny frog.
You feel sick. The spiny frog stings you!
You are more poisoned.
The spiny frog poisons you!
You feel sick. The spiny frog stings you!!
* * * LOW HITPOINT WARNING * * *
Evoke which item? (* to show all) (? for menu, Esc to quit)
Aiming: Cloud Cone
Press: ? - help, Dir - move target cursor, f/p - spiny frog
Aim: a spiny frog (severely wounded)
You create a blast of poison gas!
The now-empty wand crumbles to dust.
* * * LOW HITPOINT WARNING * * *
You feel sick.
The yak is engulfed in poison gas.
The yak is poisoned.
The spiny frog closely misses you.
You aren't carrying any potions.
Okay, then.
* * * LOW HITPOINT WARNING * * *
You feel sick. The spiny frog stings you!!
You die...

#.......# *,**
+.......# *,*
........## ####+###
#........###......#
#.......+.##......#
#.........##§.....#
#.......#.†#☼§§...#
#.......#§.†§§YF..#
......P..†##§○§☼@.#
......Y.....###...#*
..Y..S.P....,,#....#
.....P......,,.....#
.P..........,......#
,,,................#
,,,..%.............#
,,,,,,,,,,.........#
,,,,,,,,,,,,,,,,,,,*


You could see a yak and a spiny frog.

Vanquished Creatures
  2 spiny frogs (Lair:1)
  A komodo dragon (Lair:1)
  3 yaks (Lair:1)
  3 water moccasins (Lair:1)
  A porcupine (Lair:1)
  An ogre (D:4)
  A crocodile (Lair:1)
  2 bullfrogs (Lair:1)
  A scorpion (D:4)
  An orc wizard (D:4)
  2 iguanas (D:4)
  4 worker ants (D:4)
  2 howler monkey skeletons (D:4)
  6 adders
  3 oozes
  4 dart slugs
  8 leopard geckos
  8 orcs
  2 giant cockroaches (D:4)
  2 goblins (D:1)
  6 hobgoblins
  5 jackals (D:1)
  9 kobolds
  4 bats
  5 frilled lizards
  A rat (D:1)
87 creatures vanquished.

Vanquished Creatures (others)
  4 fungi (Lair:1)
  4 plants (Lair:1)
8 creatures vanquished.

Grand Total: 95 creatures vanquished

Notes
Turn   | Place    | Note
-------+----------+-------------------------------------------
     0 | Abyss:1  | Lanoc the Gnoll Abyssal Knight began the quest for the Orb.
     0 | Abyss:1  | Reached XP level 1. HP: 23/23 MP: 3/3
    86 | Abyss:1  | Noticed a blink frog
    89 | D:1      | Escaped the Abyss
   248 | D:1      | Reached XP level 2. HP: 26/29 MP: 5/5
   352 | D:1      | Reached * piety under Lugonu
   433 | D:1      | Reached XP level 3. HP: 35/35 MP: 6/6
   953 | D:3      | Found a stormy altar of Qazlal.
  1017 | D:3      | Reached skill level 1 in Short Blades
  1017 | D:3      | Reached skill level 1 in Long Blades
  1017 | D:3      | Reached skill level 1 in Axes
  1017 | D:3      | Reached skill level 1 in Maces & Flails
  1017 | D:3      | Reached skill level 1 in Staves
  1017 | D:3      | Reached skill level 1 in Slings
  1017 | D:3      | Reached skill level 1 in Bows
  1017 | D:3      | Reached skill level 1 in Crossbows
  1017 | D:3      | Reached skill level 1 in Throwing
  1017 | D:3      | Reached skill level 1 in Stealth
  1017 | D:3      | Reached skill level 1 in Shields
  1017 | D:3      | Reached skill level 1 in Unarmed Combat
  1017 | D:3      | Reached skill level 1 in Spellcasting
  1017 | D:3      | Reached skill level 1 in Evocations
  1110 | D:3      | Reached XP level 4. HP: 41/41 MP: 7/7
  1200 | D:3      | Found a white marble altar of Elyvilon.
  1670 | D:4      | Reached skill level 1 in Conjurations
  1670 | D:4      | Reached skill level 1 in Hexes
  1670 | D:4      | Reached skill level 1 in Charms
  1670 | D:4      | Reached skill level 1 in Summonings
  1670 | D:4      | Reached skill level 1 in Necromancy
  1670 | D:4      | Reached skill level 1 in Translocations
  1670 | D:4      | Reached skill level 1 in Transmutations
  1670 | D:4      | Reached skill level 1 in Fire Magic
  1670 | D:4      | Reached skill level 1 in Ice Magic
  1670 | D:4      | Reached skill level 1 in Air Magic
  1670 | D:4      | Reached skill level 1 in Earth Magic
  1670 | D:4      | Reached skill level 1 in Poison Magic
  1701 | D:4      | Reached XP level 5. HP: 21/47 MP: 8/8
  2039 | D:4      | Reached ** piety under Lugonu
  2772 | D:4      | Reached XP level 6. HP: 31/53 MP: 9/9
  2780 | D:4      | Reached skill level 5 in Invocations
  3439 | D:4      | Reached skill level 5 in Polearms
  3439 | D:4      | Reached skill level 5 in Armour
  4128 | D:4      | Reached XP level 7. HP: 28/59 MP: 10/10
  4355 | D:5      | Entered Level 5 of the Dungeon
  4379 | D:5      | You fall into a shaft and drop 3 floors!
  4380 | D:8      | Noticed Joseph
  4402 | D:9      | Noticed a basilisk
  4405 | D:9      | Found a staircase to the Lair.
  4408 | Lair:1   | Entered Level 1 of the Lair of Beasts
  4425 | Lair:1   | Noticed a komodo dragon
  4430 | Lair:1   | Noticed a yak
  4432 | Lair:1   | Noticed a yak
  4435 | Lair:1   | Noticed a yak
  4605 | Lair:1   | Reached skill level 7 in Fighting
  5019 | Lair:1   | HP: 3/60 [poisoned by a water moccasin]
  5024 | Lair:1   | HP: 2/60 [poisoned by a water moccasin]
  5031 | Lair:1   | HP: 2/60 [poisoned by a water moccasin]
  5039 | Lair:1   | HP: 1/60 [poisoned by a water moccasin]
  5188 | Lair:1   | Killed a komodo dragon
  5188 | Lair:1   | Reached XP level 8. HP: 35/67 MP: 12/12
  5229 | Lair:1   | Noticed a spiny frog
  5313 | Lair:1   | Noticed a spiny frog
  5319 | Lair:1   | Killed a spiny frog
  5513 | Lair:1   | Noticed a yak
  5513 | Lair:1   | Noticed a yak
  5515 | Lair:1   | Noticed a yak
  5516 | Lair:1   | Noticed a yak
  5518 | Lair:1   | Noticed a yak
  5538 | Lair:1   | Noticed a spiny frog
  5551 | Lair:1   | Killed a yak
  5551 | Lair:1   | Reached XP level 9. HP: 62/72 MP: 12/14
  5554 | Lair:1   | Killed a spiny frog
  5561 | Lair:1   | Noticed a spiny frog
  5568 | Lair:1   | Reached skill level 5 in Dodging
  5573 | Lair:1   | Mangled by a spiny frog

Levels and vault maps discovered:
D:1:      roderic_chinese_lattice_arrival, layout_loops_ring
D:2:      layout_basic
D:3:      lemuel_upstairs_altar, layout_basic, marbit_many_paths,
          nicolae_qazlal_eye_of_the_storm
D:4:      minmay_clustersquares, layout_basic, first_ration, minivault_25,
          kennysheep_donut
D:5:      layout_cave_pools, minmay_temple_entry_arrows, serial_shops,
          shop_statue, serial_column_ruins, column_ruins_hut_pillars,
          column_ruins_hut, column_ruins_corridor_T, column_ruins_open_small,
          column_ruins_grid_1, column_ruins_grid_1, uniq_grinder, uniq_menkaure,
          uniq_eustachio
D:8:      layout_cave_pools, uniq_maggie, uniq_joseph
D:9:      layout_basic, minmay_lair_entry_grove, serial_shops, shop,
          nicolae_shop_crystal, shop, nicolae_shop_trees, basic_altar
Lair:1:   layout_roguey, lemuel_fruit_fields, grunt_megastairs_3

Skill      XL: |  1  2  3  4  5  6  7  8  9 |
---------------+----------------------------+-----
Short Blades   | 1 2 3 4 |  4.1
Long Blades    | 1 2 3 4 |  4.1
Axes           | 1 2 3 4 |  4.1
Maces & Flails | 1 2 3 4 |  4.1
Staves         | 1 2 3 4 |  4.1
Slings         | 1 2 3 4 |  4.1
Bows           | 1 2 3 4 |  4.1
Crossbows      | 1 2 3 4 |  4.1
Throwing       | 1 2 3 4 |  4.1
Stealth        | 1 2 3 4 |  4.1
Shields        | 1 2 3 4 |  4.1
Unarmed Combat | 1 2 3 4 |  4.1
Spellcasting   | 1 2 3 4 |  4.1
Evocations     | 1 2 3 4 |  4.1
Conjurations   | 1 2 3 |  3.4
Hexes          | 1 2 3 |  3.4
Charms         | 1 2 3 |  3.4
Summonings     | 1 2 3 |  3.4
Necromancy     | 1 2 3 |  3.4
Translocations | 1 2 3 |  3.4
Transmutations | 1 2 3 |  3.4
Fire Magic     | 1 2 3 |  3.4
Ice Magic      | 1 2 3 |  3.4
Air Magic      | 1 2 3 |  3.4
Earth Magic    | 1 2 3 |  3.4
Poison Magic   | 1 2 3 |  3.4
Dodging        | 3 4 5 |  5.0
Invocations    | 5 6 |  6.5
Polearms       | 5 6 |  6.2
Armour         | 5 6 |  6.2
Fighting       | 7 |  7.8

Action                   |  1- 3 |  4- 6 |  7- 9 || total
-------------------------+-------+-------+-------++-------
Melee: Spear             |   119 |   250 |    58 ||   427
       Bite              |    12 |    25 |     4 ||    41
       Punch             |       |     3 |       ||     3
Throw: Throwing net      |       |     1 |     2 ||     3
Invok: Depart the Abyss  |     1 |       |       ||     1
       Bend Space        |       |       |     1 ||     1
Evoke: Wand              |       |       |     5 ||     5
  Use: Potion            |       |     4 |     2 ||     6
       Scroll            |       |     4 |    11 ||    15
 Stab: Sleeping          |     5 |     6 |     1 ||    12
       Held in net/web   |       |     1 |       ||     1
  Eat: Chunk             |       |    10 |     3 ||    13
Armor: Leather armour    |    14 |    28 |     6 ||    48
       Skin              |       |    34 |       ||    34
Dodge: Dodged            |    54 |   113 |    40 ||   207

Table legend:
 A = Non-vault XP
 B = Vault XP
 C = Vault XP percentage of total XP
 D = Non-vault monster count
 E = Vault monster count
 F = Vault count percentage of total count
                 A         B        C        D         E       F
            +---------+---------+-------+---------+---------+-------
      Total |    3238 |     135 |   4.0 |      79 |       8 |   9.2
            +---------+---------+-------+---------+---------+-------
        D:1 |      47 |       0 |   0.0 |      23 |       0 |   0.0
        D:2 |      10 |       0 |   0.0 |       4 |       0 |   0.0
        D:3 |      49 |       2 |   3.9 |      13 |       1 |   7.1
        D:4 |     446 |     133 |  23.0 |      26 |       7 |  21.2
     Lair:1 |    2686 |       0 |   0.0 |      13 |       0 |   0.0
            +---------+---------+-------+---------+---------+-------
